 Dungeon Crawl Stone Soup version 0.15.2 (webtiles) character file.

5390 MordorOrchid the Geomancer (level 10, -2/63 HPs)
             Began as an Octopode Earth Elementalist on June 30, 2020.
             Was an Initiate of Elyvilon.
             Killed from afar by Josephine (24 damage)
             ... with a ghostly fireball
             ... on Level 10 of the Dungeon.
             The game lasted 01:22:14 (9628 turns).

MordorOrchid the Geomancer (OpEE)                   Turns: 9628, Time: 01:22:14

HP  -2/63        AC  4     Str  8      XL: 10   Next: 66%
MP  32/32        EV 14     Int 22      God: Elyvilon [......]
Gold 653         SH  5     Dex 13      Spells:  6 memorised,  3 levels left

rFire  . . .     SeeInvis +     y - +2 short sword (venom)
rCold  . . .     Clarity  .     p - +0 buckler
rNeg   . . .     rCorr    .     M - +3 crown of Dyrovepreva {rElec Int+2 SInv}
rPois  .         rRot     .     (no amulet)
rElec  +         Spirit   .     r - ring of magical power
SustAb .         Warding  .     Y - ring of flight
rMut   .         Stasis   .     (no ring)
Gourm  .                        (no ring)
MR     .....                    (no ring)
                                (no ring)
                                (no ring)
                                (no ring)

@: not resistant to hostile enchantments, stealthy
A: almost no armour, amphibious, 8 rings, constrict 8, camouflage 1, gelatinous
body 1
a: Lesser Healing, Renounce Religion, Evoke Flight


You were on level 10 of the Dungeon.
You worshipped Elyvilon.
Elyvilon was noncommittal.
You were not hungry.

You visited 2 branches of the dungeon, and saw 11 of its levels.
You also visited: Ossuary.

You collected 781 gold pieces.
You spent 128 gold pieces at shops.

Inventory:

Hand weapons
 j - a +0 hunting sling
 y - a +2 short sword of venom (weapon)
 U - a +2 shortbow of flaming
 V - a +1 short sword of holy wrath
Missiles
 b - 165 stones (quivered)
 e - 204 arrows
 g - 51 sling bullets
 A - a throwing net
 H - 2 poisoned sling bullets
 P - 5 javelins
 Q - 20 tomahawks
Armour
 p - a +0 buckler (worn)
 M - the +3 crown of Dyrovepreva (worn) {rElec Int+2 SInv}
   (You found it on level 8 of the Dungeon)

   It affects your intelligence (+2).
   It insulates you from electricity.
   It enhances your eyesight.
Magical devices
 q - a wand of enslavement (13)
 J - a wand of paralysis (7)
 K - a wand of confusion (13) {unknown}
 L - a wand of enslavement (10)
 N - a wand of paralysis (14)
 W - a wand of fire (1)
 X - a wand of random effects (5) {unknown}
Comestibles
 a - 9 bread rations
 h - 3 beef jerkies
 n - 6 meat rations
 x - 6 fruits
Scrolls
 c - 3 scrolls of fog
 i - a scroll of noise {unknown}
 k - 2 scrolls of amnesia
 m - a scroll of remove curse
 o - 2 scrolls of magic mapping
 s - a scroll of teleportation {unknown}
 v - 2 scrolls of fear
 w - a scroll of blinking {unknown}
 D - a scroll of immolation {unknown}
 F - a scroll of torment {unknown}
 I - 3 scrolls of recharging
 R - a scroll of vulnerability {unknown}
Jewellery
 r - a ring of magical power (left tentacle)
 T - an uncursed amulet of rage {unknown}
 Y - a ring of flight (right tentacle)
Potions
 f - 3 potions of heal wounds
 l - 3 potions of haste {unknown}
 t - a potion of mutation {unknown}
 u - a potion of magic {unknown}
 z - a potion of cancellation
 B - a potion of lignification
 E - 2 potions of brilliance
 G - a potion of agility
 O - 2 potions of might {unknown}
 S - a potion of poison {unknown}
 Z - a potion of resistance
Books
 d - a book of Geomancy

   Spells                             Type                      Level
   *Sandblast                         Earth                        1
   *Stoneskin                         Transmutation/Earth          2
   *Passwall                          Transmutation/Earth          3
   *Stone Arrow                       Conjuration/Earth            3
   *Petrify                           Transmutation/Earth          4
   *Lee's Rapid Deconstruction        Earth                        5


   Skills:
 - Level 3.1 Fighting
 - Level 1.4 Short Blades
 * Level 5.0 Dodging
 * Level 5.0 Stealth
 * Level 4.2 Shields
 + Level 6.0 Spellcasting
 - Level 4.0 Conjurations
 * Level 4.7 Transmutations
 * Level 8.8 Earth Magic
 * Level 3.8 Invocations
 - Level 4.4 Evocations


You had 3 spell levels left.
You knew the following spells:

 Your Spells              Type           Power        Failure   Level  Hunger
a - Sandblast             Erth           #####.       1%          1    None
d - Petrify               Trmt/Erth      #####...     8%          4    ###....
f - Stone Arrow           Conj/Erth      ####..       1%          3    ##.....
v - Lee's Rapid Deconstr  Erth           #####.....   10%         5    #####..
w - Passwall              Trmt/Erth      #####.....   1%          3    ##.....
y - Stoneskin             Trmt/Erth      #####...     1%          2    None


Dungeon Overview and Level Annotations

Branches:
Dungeon (10/15)            Temple (1/1) D:5             Orc (0/4) D:9
   Lair (0/8) D:8

Altars:
Cheibriados
Dithmenos
Elyvilon
Fedhas
Makhleb
Nemelex Xobeh
Okawaru
Qazlal
Sif Muna
Trog
Xom
Yredelemnul
Zin

Shops:
D:5 =   D:7 *   D:9 (

Annotations:
D:8 exclusion: upstairs
D:10 exclusion: hill giant, Josephine


Innate Abilities, Weirdness & Mutations

You cannot wear most types of armour.
You are amphibious.
You can wear up to eight rings at the same time.
You can use your tentacles to constrict many enemies at once.
Your skin changes colour to match your surroundings (Stealth).
Your rubbery body absorbs attacks (AC +1).


Message History

You swing at nothing.
You swing at nothing.
You swing at nothing.
Eat which item? (? for menu, Esc to quit)
You continue eating.
You finish eating.
That beef jerky was delicious!
Wield which item (- for none, * to show all)? (? for menu, Esc to quit)
It begins to drip with poison!
y - a +2 short sword of venom (weapon)
You climb downwards.
Level annotation: exclusion: hill giant, Josephine 2 skeletons and a simulacrum come into view.
Josephine casts a spell at you.
The ghostly flame explodes!
The ghostly fireball engulfs you!
Ouch! That really hurt!
There is a stone staircase leading up, spattered with blood here.
Unknown command.
Josephine casts a spell at you.
The ghostly flame explodes!
The ghostly fireball engulfs you!
You die...

.## . #..# ###
#######.##..# ..
....#.....#..#..# ..#
............#.#..###..#
....!....@............#
.............%..Z.....#
.........Z..@..?.....#
...!....5..%.....(...####
.....Z..r.ZOZ...........#
.......Z......))....##..
..#..%./#...##.....#
########### #<##...# ..#
#.# ......


You could see Josephine, a two-headed ogre, a crimson imp, a basilisk
simulacrum, an adder zombie, a yellow wasp zombie, a rat, 2 hippogriff skeletons
and an orc skeleton.

Vanquished Creatures
  An ugly thing (D:6)
  Psyche (D:9)
  A two-headed ogre (D:10)
  Prince Ribbit (D:7)
  A deep elf mage (D:9)
  2 yaks (D:9)
  An ice beast (D:10)
  2 sky beasts
  A yellow wasp (D:10)
  An orc warrior (D:9)
  5 centaurs
  A phantom (D:9)
  6 ogres
  Duvessa (D:6)
  An elf zombie (Ossuary)
  A big kobold (D:8)
  Blork the orc (D:7)
  3 giant frogs
  A scorpion (D:7)
  A hippogriff skeleton (D:6)
  Dowan (D:6)
  7 crimson imps
  3 centaur zombies (Ossuary)
  2 goliath beetles
  2 hounds (D:5)
  2 giant frog zombies
  A jelly (D:9)
  5 orc priests
  8 orc wizards
  A centaur skeleton (D:4)
  8 worker ants
  3 iguanas
  3 big kobold zombies (Ossuary)
  Jessica (D:2)
  A big kobold skeleton (D:8)
  3 mummies (Ossuary)
  14 adders
  4 gnolls (D:2)
  3 shadow imps
  A worm zombie (D:4)
  A goliath beetle zombie (D:5)
  2 worms (D:3)
  6 adder zombies
  5 giant geckos
  An ooze (D:3)
  30 orcs
  2 giant cockroaches
  20 hobgoblins
  3 jackals (D:1)
  9 kobolds
  5 quokkas
  10 bats
  A giant gecko zombie (D:9)
  5 giant newts
  3 gnoll zombies (Ossuary)
  11 goblins
  5 goblin zombies (Ossuary)
  3 hobgoblin zombies (Ossuary)
  6 jackal zombies (Ossuary)
  2 kobold skeletons (D:6)
  4 kobold zombies (Ossuary)
  2 orc skeletons
  An orc zombie (D:6)
  A quokka skeleton (D:7)
  A quokka zombie (Ossuary)
  12 rats
  2 rat zombies (Ossuary)
259 creatures vanquished.

Vanquished Creatures (collateral kills)
  A giant cockroach (D:7)
1 creature vanquished.

Vanquished Creatures (others)
  A hound (D:7)
  A kobold (D:9)
2 creatures vanquished.

Grand Total: 262 creatures vanquished

Notes
Turn   | Place    | Note
--------------------------------------------------------------
     0 | D:1      | MordorOrchid, the Octopode Earth Elementalist, began the quest for the Orb.
     0 | D:1      | Reached XP level 1. HP: 11/11 MP: 3/3
   107 | D:1      | Reached XP level 2. HP: 16/18 MP: 1/4
   198 | D:1      | Learned a level 2 spell: Stoneskin
   631 | D:2      | Reached skill level 1 in Fighting
   631 | D:2      | Reached XP level 3. HP: 23/23 MP: 1/6
   643 | D:2      | Learned a level 3 spell: Stone Arrow
   832 | D:2      | Reached XP level 4. HP: 28/28 MP: 2/8
  1188 | D:2      | Noticed Jessica
  1197 | D:2      | Killed Jessica
  1197 | D:2      | Reached skill level 1 in Shields
  1197 | D:2      | Reached XP level 5. HP: 33/33 MP: 3/9
  1499 | D:3      | Reached skill level 1 in Conjurations
  1879 | D:3      | Reached skill level 4 in Stealth
  1959 | D:3      | Learned a level 3 spell: Passwall
  2052 | D:4      | Found a snail-covered altar of Cheibriados.
  2102 | D:4      | Reached XP level 6. HP: 28/39 MP: 6/12
  2325 | D:4      | Found a sand-covered staircase.
  2349 | Ossuary  | Entered an ossuary
  2590 | Ossuary  | Reached XP level 7. HP: 34/45 MP: 2/15
  3217 | D:4      | Noticed an ogre
  3231 | D:4      | Killed an ogre
  3442 | D:4      | Reached skill level 5 in Earth Magic
  3485 | D:4      | Learned a level 4 spell: Petrify
  3680 | D:5      | Entered Level 5 of the Dungeon
  3891 | D:5      | Found a staircase to the Ecumenical Temple.
  3902 | D:5      | Reached XP level 8. HP: 51/51 MP: 17/17
  3973 | Temple   | Entered the Ecumenical Temple
  3988 | Temple   | Became a worshipper of Elyvilon the Healer
  4103 | D:5      | Found a bloodstained altar of Trog.
  4118 | D:5      | Found a shadowy altar of Dithmenos.
  4118 | D:5      | Found a deep blue altar of Sif Muna.
  4215 | D:5      | Found Seomem's Jewellery Shop.
  4580 | D:6      | Reached skill level 1 in Invocations
  4648 | D:6      | Reached skill level 6 in Earth Magic
  4686 | D:6      | Noticed Duvessa
  4710 | D:6      | Killed Duvessa
  4822 | D:5      | Reached skill level 1 in Short Blades
  5075 | D:6      | Noticed Dowan
  5084 | D:6      | Killed Dowan
  5205 | D:6      | Reached XP level 9. HP: 51/56 MP: 20/20
  5391 | D:7      | Noticed a green ugly thing
  5767 | D:6      | Killed a green ugly thing
  6009 | D:7      | Found Qentoesa's Assorted Antiques.
  6068 | D:7      | Bought a bubbling inky potion for 29 gold pieces
  6068 | D:7      | Bought a scroll labeled BLEFUREAZA for 33 gold pieces
  6068 | D:7      | Bought a scroll of identify for 66 gold pieces
  6091 | D:7      | Noticed Blork the orc
  6128 | D:7      | Killed Blork the orc
  6202 | D:7      | Found a shimmering altar of Xom.
  6205 | D:7      | Found a shimmering altar of Xom.
  6206 | D:7      | Found a shimmering altar of Xom.
  6207 | D:7      | Found a shimmering altar of Xom.
  6209 | D:7      | Found a shimmering altar of Xom.
  6213 | D:7      | Noticed Prince Ribbit
  6221 | D:7      | Noticed a lindwurm
  6223 | D:7      | Noticed a giant orange brain
  6223 | D:7      | a lindwurm changed into a giant orange brain
  6224 | D:7      | Noticed an eye of devastation
  6224 | D:7      | a giant orange brain changed into an eye of devastation
  6231 | D:7      | Killed Prince Ribbit
  6231 | D:7      | Reached skill level 5 in Spellcasting
  6231 | D:7      | Reached skill level 7 in Earth Magic
  6340 | D:7      | Learned a level 5 spell: Lee's Rapid Deconstruction
  6780 | D:7      | Found a blossoming altar of Fedhas.
  6782 | D:7      | Found a basalt altar of Yredelemnul.
  7225 | D:8      | Found a staircase to the Lair.
  7271 | D:8      | Reached XP level 10. HP: 63/63 MP: 22/22
  7724 | D:8      | Reached skill level 8 in Earth Magic
  7948 | D:9      | Noticed Psyche
  8521 | D:9      | Found Klelougg's Weapon Shoppe.
  8525 | D:9      | Found a staircase to the Orcish Mines.
  8624 | D:9      | Killed Psyche
  9063 | D:10     | Entered Level 10 of the Dungeon
  9082 | D:9      | HP: 3/63 [poisoned by a worker ant]
  9083 | D:9      | HP: 1/63 [poisoned by a worker ant]
  9422 | D:10     | Noticed a hill giant
  9512 | D:10     | Reached skill level 5 in Dodging
  9512 | D:10     | Reached skill level 5 in Stealth
  9513 | D:10     | Noticed Josephine
  9628 | D:10     | Killed from afar by Josephine

Action                   |  1- 3 |  4- 6 |  7- 9 | 10-12 || total
-------------------------+-------+-------+-------+-------++-------
Melee: Unarmed           |     2 |       |       |       ||     2
       Dagger            |    20 |    52 |    12 |    10 ||    94
       Short sword       |       |       |    57 |    44 ||   101
 Fire: Hunting sling     |       |    43 |   141 |    44 ||   228
 Cast: Sandblast         |    28 |   100 |   158 |    20 ||   306
       Stone Arrow       |       |       |    44 |    15 ||    59
       Stoneskin         |       |       |     2 |     2 ||     4
       Petrify           |       |       |    12 |    17 ||    29
       Lee's Rapid Decon |       |       |     2 |    20 ||    22
       Passwall          |       |       |       |     1 ||     1
Invok: Lesser Healing    |       |       |    11 |    14 ||    25
Evoke: Wand              |       |       |     7 |       ||     7
  Use: Scroll            |       |     3 |    13 |     2 ||    18
       Potion            |       |     1 |     5 |     1 ||     7
 Stab: Sleeping          |     2 |    10 |     7 |     3 ||    22
       Paralysed         |       |       |     6 |       ||     6
       Petrified         |       |       |     4 |     3 ||     7
  Eat: Chunk             |       |     5 |    20 |    13 ||    38
       Fruit             |       |     1 |       |       ||     1
       Beef jerky        |       |       |     2 |     5 ||     7
       Pizza             |       |       |     1 |       ||     1
